 Dungeon Crawl Stone Soup version 0.19-a0-1908-g43c011f (webtiles) character file.

129 Duralumin the Chopper (level 5, -1/35 HPs)
             Began as a Halfling Abyssal Knight on Oct 22, 2016.
             Was a Believer of Lugonu.
             Slain by an orc
             ... wielding a +0 flail
              (4 damage)
             ... on level 3 of the Dungeon.
             The game lasted 00:07:17 (2130 turns).

Duralumin the Chopper (Halfling Abyssal Knight)     Turns: 2130, Time: 00:07:18

Health: -1/35      AC:  3    Str: 14    XL:     5   Next: 35%
Magic:  6/6        EV: 13    Int: 10    God:    Lugonu [**....]
Gold:   121        SH:  0    Dex: 14    Spells: 0 memorised, 4 levels left

rFire  . . .     SeeInvis .     a - +2 hand axe
rCold  . . .     Gourm    .     b - +0 leather armour
rNeg   . . .     Faith    .     (shield restricted)
rPois  .         Spirit   .     (no helmet)
rElec  .         Reflect  .     (no cloak)
rCorr  .         Harm     .     (no gloves)
MR     .....                    (no boots)
Stlth  +.........               (no amulet)
                                (no ring)
                                k - -2 ring of slaying (curse)

@: no status effects
A: mutation resistance 1
a: Depart the Abyss, Bend Space, Renounce Religion


You were on level 3 of the Dungeon.
You worshipped Lugonu.
Lugonu was pleased with you.
You were very hungry.

You visited 1 branch of the dungeon, and saw 3 of its levels.
You visited the Abyss 1 time.

You collected 121 gold pieces.

Inventory:

Hand Weapons
 a - a +2 hand axe (weapon)
Armour
 b - a +0 leather armour (worn)
Jewellery
 k - a cursed -2 ring of slaying (left hand)
Scrolls
 i - 3 scrolls of identify
Comestibles
 c - 4 bread rations
 f - 3 fruits
 h - a beef jerky
 o - a meat ration


   Skills:
 - Level 2.6 Fighting
 + Level 5.0 Axes
 - Level 2.1 Armour
 - Level 1.1 Dodging
 + Level 2.3 Invocations


You had 4 spell levels left.
You didn't know any spells.

Dungeon Overview and Level Annotations

Branches:
Dungeon (3/15)

Altars:
Fedhas
Ru
Uskayaw
Xom
The Shining One

Annotations:
D:3 Jorund's ghost, amateur DsGl


Innate Abilities, Weirdness & Mutations

You are small and have problems with some larger weapons.
You are somewhat resistant to further mutation.


Message History

You hit the orc but do no damage.
The orc is moderately wounded.
The orc hits you.
* * * LOW HITPOINT WARNING * * *
You feel better. The orc hits you.
* * * LOW HITPOINT WARNING * * *
You are too injured to fight recklessly!
You closely miss the orc.
The orc is moderately wounded.
You closely miss the orc.
The orc is moderately wounded.
The orc barely misses you. The orc hits you with a whip.
* * * LOW HITPOINT WARNING * * *
The orc hits you.
* * * LOW HITPOINT WARNING * * *
The orc barely misses you. The orc barely misses you. The orc misses you.
The orc completely misses you. The orc hits you with a flail.
You die...

..#.....................##
...#.....................#
.........................#
##..>....................#
##......................#
###...........)..o.......#
#..............oo........#
#.##............o.......##
..##...####.....p......##
######## ##.....####...# #
#......<# ##### #.......#
#.......# ##.....##
#....... #....... #.......


You could see 4 orcs.

Vanquished Creatures
  An orc wizard (D:3)
  4 adders
  A worm (D:3)
  A leopard gecko (D:1)
  4 orcs (D:3)
  A ball python (D:1)
  4 bats (D:2)
  4 giant cockroaches
  4 goblins
  10 hobgoblins
  7 jackals (D:3)
  3 kobolds
  3 frilled lizards
  9 rats
56 creatures vanquished.

Notes
Turn   | Place    | Note
-------+----------+-------------------------------------------
     0 | Abyss:1  | Duralumin the Halfling Abyssal Knight began the quest for the Orb.
     0 | Abyss:1  | Reached XP level 1. HP: 15/15 MP: 2/2
    16 | D:1      | Escaped the Abyss
    92 | D:1      | Reached XP level 2. HP: 20/20 MP: 3/3
   272 | D:1      | Reached skill level 3 in Axes
   558 | D:1      | Reached XP level 3. HP: 23/25 MP: 4/4
   753 | D:2      | Reached ** piety under Lugonu
  1131 | D:2      | Reached skill level 4 in Axes
  1131 | D:2      | Reached XP level 4. HP: 30/30 MP: 5/5
  1196 | D:2      | Found a glowing golden altar of the Shining One.
  1199 | D:2      | Found a hide-covered altar of Uskayaw.
  1199 | D:2      | Found a shimmering altar of Xom.
  1199 | D:2      | Found a blossoming altar of Fedhas.
  1199 | D:2      | Found a sacrificial altar of Ru.
  1626 | D:3      | Reached XP level 5. HP: 32/35 MP: 6/6
  1693 | D:3      | Noticed Jorund's ghost (amateur DsGl)
  1740 | D:3      | Reached skill level 5 in Axes
  2130 | D:3      | Slain by an orc

Vault maps used:
D:1:      dpeg_arrival_windows_large_door, lemuel_flame_loot_1
D:2:      grunt_temple_overflow_open
D:3:      first_bread

Skill      XL: |  1  2  3  4  5 |
---------------+----------------+-----
Axes           | 3 4 5 |  5.0
Fighting       | |  2.6
Armour         | |  2.1
Dodging        | |  1.1
Invocations    | |  2.3

Action                   |  1- 3 |  4- 6 || total
-------------------------+-------+-------++-------
Melee: Hand axe          |    64 |   123 ||   187
  Use: Potion            |       |     5 ||     5
       Scroll            |       |     6 ||     6
 Stab: Sleeping          |     3 |       ||     3
       Invisible         |       |     2 ||     2
  Eat: Chunk             |       |     3 ||     3
Armor: Leather armour    |    12 |    27 ||    39
Dodge: Dodged            |    52 |   119 ||   171
